Map: Arctic Dream LE

Players

qqq - Winner!

  • Race: Zerg Zerg
  • Spawn Location: 11:00

Massa - Winner!

  • Race: Terran Terran
  • League: Platinum
  • Spawn Location: 12:00

corporal

  • Race: Protoss Protoss
  • Spawn Location: 5:00

Atrighost

  • Race: Terran Terran
  • Spawn Location: 6:00

VOD

Have the link to the VOD?

Description

Time

  • Played on: Feb. 14, 2021, 3:09 p.m.
  • Length: 10:36
Show
View Real Time Build Order
Export as new Build Order

qqq Zerg - Winner!

Build Orders: Hatch First 

Get SALT Encoding   

  12  0:01  Drone  
  13  0:12  Drone  
  14  0:19  Overlord  
  14  0:45  Hatchery  
  14  0:49  Drone  
  14  0:59  Drone x2  
  16  1:07  Drone  
  17  1:21  Spawning Pool  
  17  1:22  Extractor  
  15  1:27  Drone x2  
  16  1:41  Drone  
  16  1:45  Drone  
  18  1:55  Drone  
  18  1:58  Drone  
  20  2:09  Queen  
  20  2:11  Drone, Queen  
  25  2:17  Overlord  
  25  2:23  Zergling x2  
  25  2:25  Metabolic Boost  
  25  2:29  Drone  
  27  2:32  Zergling x2  
  27  2:35  Drone  
  29  2:39  Zergling x2  
  29  2:43  Drone  
  31  2:49  Zergling x2  
  32  2:57  Zergling x2  
  33  2:59  Zergling x2  
  34  3:12  Zergling x2  
  35  3:13  Zergling x2  
  36  3:23  Overlord x2  
  36  3:30  Hatchery  
  36  3:32  Lair  
  36  3:33  Zergling x2  
  36  3:37  Overlord  
  36  3:44  Zergling x4  
  36  3:48  Zergling x4  
  39  3:49  Zergling x2  
  40  4:02  Zergling x8  
  43  4:03  Zergling x2  
  44  4:10  Zergling x4  
  44  4:11  Zergling x2  
  46  4:23  Zergling x4  
  45  4:24  Zergling x2  
  43  4:34  Zergling x2  
  43  4:35  Zergling x2  
  45  4:48  Zergling x2  
  45  4:49  Zergling x4  
  48  4:55  Zergling x2  
  48  5:02  Zergling x4  
  48  5:03  Zergling x2  
  48  5:04  Zergling x12  
  48  5:05  Drone  
  56  5:10  Zergling x2  
  56  5:21  Spire  
  55  5:31  Zergling x4  
  55  5:32  Zergling x8  
  60  5:37  Zergling x2  
  60  5:38  Zergling x2  
  60  5:40  Zergling x2  
  62  5:44  Queen  
  61  6:02  Zergling x2  
  61  6:03  Drone, Zergling x4  
  61  6:04  Drone x3  
  63  6:13  Drone x3  
  63  6:14  Extractor x2  
  61  6:36  Mutalisk x2  
  61  6:37  Mutalisk  
  66  6:42  Overlord x2  
  66  6:43  Overlord  
  63  7:08  Nydus Network  
  63  7:14  Mutalisk  
  64  7:20  Drone x2  
  64  7:21  Drone x8  
  64  7:22  Drone  
  75  7:25  Extractor  
  74  7:30  Drone x2  
  76  7:47  Mutalisk x2  
  76  7:50  Drone x4  
  84  7:59  Zerg Flyer Weapons Level 1  
  84  8:01  Overlord x3  
  84  8:03  Drone  
  84  8:04  Drone  
  86  8:07  Drone x2  
  86  8:12  Drone  
  89  8:28  Nydus Canal  
  87  8:46  Mutalisk  
  87  8:47  Mutalisk x3  
  95  8:49  Zergling x10  
  95  8:50  Drone x6  
  95  8:53  Extractor  
  95  8:54  Extractor  
  104  9:07  Hatchery  
  103  9:17  Nydus Canal  
  103  9:26  Drone x3  
  103  9:28  Mutalisk x3  
  103  9:30  Overlord x7  
  103  9:31  Overlord x2  
  112  9:47  Nydus Canal  
Show
View Real Time Build Order
Export as new Build Order

Massa Terran - Winner!

Build Orders:  

Get SALT Encoding   

  12  0:03  SCV  
  13  0:15  SCV  
  13  0:20  Supply Depot  
  14  0:28  SCV  
  15  0:41  SCV  
  16  0:46  Barracks  
  16  0:53  Refinery, SCV  
  17  1:06  SCV  
  18  1:22  SCV  
  19  1:36  Orbital Command  
  19  1:43  Command Center  
  19  1:51  Barracks Reactor  
  19  1:57  Supply Depot  
  19  2:19  SCV  
  20  2:29  Marine x2  
  22  2:33  SCV  
  23  2:43  Barracks  
  23  2:45  SCV  
  23  2:46  Marine  
  23  2:47  Marine  
  26  2:56  Orbital Command  
  26  3:04  Marine  
  26  3:05  Marine  
  28  3:09  Factory  
  28  3:22  Marine x2  
  30  3:31  Marine  
  31  3:37  SCV  
  31  3:39  SCV  
  33  3:48  Marine  
  33  3:49  SCV  
  33  3:50  Bunker  
  33  3:51  SCV  
  36  4:05  SCV  
  36  4:06  SCV, Marine x3  
  36  4:09  Hellion  
  43  4:18  SCV  
  43  4:24  Marine x3  
  45  4:34  Hellion  
  45  4:40  SCV  
  45  4:45  Supply Depot x3  
  46  4:46  Supply Depot  
  46  5:02  Starport  
  46  5:03  Barracks  
  46  5:05  Factory Tech Lab, Barracks, SCV  
  46  5:06  SCV, Marine x2  
  50  5:08  Barracks  
  49  5:19  Marine  
  50  5:24  Marine x2, Siege Tank  
  55  5:36  Marine  
  55  5:39  Engineering Bay  
  56  5:51  Starport Reactor  
  56  5:53  Barracks Tech Lab  
  56  5:54  Barracks, Marine  
  56  5:55  Starport Tech Lab  
  56  5:56  Barracks Tech Lab  
  57  5:57  Barracks Reactor  
  57  5:58  Siege Tank  
  57  6:00  SCV x2  
  62  6:06  Terran Infantry Weapons Level 1  
  62  6:07  Command Center  
  62  6:10  Refinery  
  62  6:11  Refinery  
  62  6:12  SCV x2, Marine  
  62  6:13  Refinery  
  65  6:24  SCV  
  62  6:59  Siege Tank  
  62  7:01  Marauder x2, Marine x4  
  73  7:13  Missile Turret  
  73  7:19  Marine x2  
  73  7:22  Marauder x2  
  79  7:23  Missile Turret  
  79  7:24  Marine x3  
  79  7:27  Raven  
  79  7:29  Orbital Command  
  84  7:37  Marine x2, Stimpack  
  84  7:42  Marine x2  
  87  7:48  SCV x2  
  89  8:00  SCV x2  
  89  8:04  Barracks Tech Lab  
  91  8:10  Raven  
  93  8:18  Orbital Command  
  93  8:19  Corvid Reactor, Supply Depot x2  
  93  8:21  Supply Depot  
  93  8:23  Terran Infantry Armor Level 1, Supply Depot  
  93  8:24  Supply Depot  
  93  8:35  Combat Shield  
  93  8:37  Concussive Shells  
  93  8:40  SCV x2, Marine  
  96  8:44  SCV  
  97  8:52  SCV x2  
  99  8:57  SCV  
  99  8:58  Marine  
  99  9:01  Refinery  
  101  9:04  SCV x2  
  101  9:07  Refinery  
  101  9:09  SCV  
  104  9:12  Raven  
  104  9:16  SCV  
  107  9:17  Starport  
  107  9:22  Starport  
  107  9:33  SCV x3  
  110  9:45  SCV x3  
  111  9:47  Armory  
  115  10:17  Command Center  
  115  10:29  Command Center  
Show
View Real Time Build Order
Export as new Build Order

corporal Protoss 

Build Orders: 1 Gate Expand 

Get SALT Encoding   

  12  0:00  Probe (Chrono Boost)  
  13  0:10  Probe (Chrono Boost)  
  14  0:15  Probe (Chrono Boost)  
  15  0:22  Pylon  
  15  0:40  Probe  
  15  0:41  Gateway  
  16  0:52  Probe  
  17  1:04  Probe (Chrono Boost)  
  18  1:14  Probe (Chrono Boost)  
  18  1:17  Nexus  
  19  1:20  Probe (Chrono Boost)  
  20  1:25  Assimilator  
  20  1:33  Pylon  
  20  1:35  Probe  
  21  1:49  Cybernetics Core  
  21  1:51  Probe  
  22  1:57  Assimilator  
  22  2:04  Probe  
  23  2:09  Gateway  
  23  2:16  Probe (Chrono Boost)  
  23  2:17  Pylon  
  24  2:27  Probe (Chrono Boost)  
  26  2:31  Probe (Chrono Boost)  
  26  2:32  Probe (Chrono Boost)  
  27  2:39  Stargate  
  27  2:42  Probe (Chrono Boost)  
  28  2:51  Probe x2 (Chrono Boost)  
  30  2:57  Probe  
  31  3:00  Probe  
  31  3:15  Stargate  
  31  3:16  Probe (Chrono Boost)  
  31  3:17  Pylon  
  33  3:23  Probe (Chrono Boost), Assimilator  
  33  3:25  Void Ray  
  34  3:28  Probe (Chrono Boost)  
  34  3:32  Probe (Chrono Boost)  
  34  3:34  Probe (Chrono Boost)  
  40  3:35  Pylon  
  40  3:40  Assimilator  
  41  3:42  Probe (Chrono Boost)  
  41  3:47  Probe (Chrono Boost), Pylon  
  42  3:48  Probe (Chrono Boost)  
  40  3:57  Probe  
  39  4:07  Probe  
  39  4:09  Probe  
  18  4:19  Probe  
  16  4:32  Probe  
  21  4:44  Probe (Chrono Boost)  
  18  4:55  Probe (Chrono Boost)  
  18  4:59  Probe (Chrono Boost)  
  18  5:10  Probe  
  19  5:22  Probe  
    6:18  Probe (Chrono Boost)  
  1  6:28  Probe (Chrono Boost)  
  2  6:36  Probe (Chrono Boost)  
Show
View Real Time Build Order
Export as new Build Order

Atrighost Terran 

Build Orders: Gas First Reaper Expand 

Get SALT Encoding   

  12  0:00  SCV  
  13  0:12  SCV  
  14  0:17  Supply Depot  
  14  0:26  Refinery  
  14  0:27  SCV  
  15  0:39  SCV  
  16  0:47  Barracks  
  16  0:52  SCV  
  17  1:04  SCV  
  18  1:16  SCV  
  18  1:28  SCV  
  19  1:40  Reaper  
  19  1:44  Orbital Command  
  19  1:52  Command Center  
  19  2:11  SCV  
  19  2:12  Factory  
  20  2:16  Barracks Reactor  
  20  2:23  Supply Depot  
  20  2:26  SCV  
  21  2:32  Refinery  
  21  2:38  SCV  
  22  2:49  Barracks  
  22  2:50  SCV  
  23  2:53  Marine  
  24  3:00  Marine  
  24  3:02  SCV  
  24  3:03  Factory Tech Lab  
  26  3:11  Marine  
  27  3:14  SCV  
  28  3:26  Orbital Command  
  28  3:28  Marine x2  
  28  3:29  Siege Tank  
  33  3:36  Supply Depot  
  33  3:46  Starport  
  33  3:58  Marine x3  
  33  4:01  SCV  
  33  4:02  SCV  
  36  4:28  Marine x3  
  37  4:31  Hellion  
  37  4:40  Starport Tech Lab  
  37  4:43  SCV x2  
  41  4:52  Hellion  
  41  4:57  SCV  
  41  4:58  SCV, Marine x3  
  43  5:14  Hellion  
  42  5:16  Marine x3  
  42  5:17  SCV  
  46  5:33  Marine  
  46  5:35  Cyclone  
  50  5:38  Marine x2  
  50  5:51  Marine  
  50  5:56  Marine x2  
  44  6:07  Hellion  
  44  6:09  Marine, Liberator  
  49  6:14  Marine x2  
  51  6:27  Marine  
  51  6:28  Cyclone  
  51  6:32  Marine x2  
  45  6:45  Marine  
  44  6:50  Marine x2  
  48  7:02  Marine  
  48  7:07  Marine x2  
  48  7:08  Liberator  
  54  7:11  Supply Depot  
  54  7:13  Barracks, Siege Tank  
  54  7:32  Marine x3  
  54  7:33  SCV x2  
  59  7:41  Barracks  
  56  7:45  SCV x2, Command Center  
  56  7:50  Marine x2  
  61  7:51  Engineering Bay  
  61  7:52  Engineering Bay  
  61  7:56  Supply Depot  
  61  7:58  Supply Depot  
  61  8:02  Barracks Tech Lab  
  61  8:04  Barracks Reactor  
  60  8:08  Marine x2, Supply Depot x2  
  62  8:18  SCV x2, Liberator, Siege Tank  
  70  8:30  SCV  
  70  8:42  Marine x3  
  70  8:43  SCV x2  
  75  8:50  Missile Turret x2, Siege Tank  
  75  8:53  Missile Turret  
  78  9:00  Marine x3  
  78  9:01  Barracks Tech Lab, Liberator  
  80  9:22  Siege Tank, Supply Depot  
  83  9:25  Missile Turret  
  80  9:40  Marine x3  
  83  9:58  Marine x2  
  85  10:01  Orbital Command  
Tags
 
Add a new tag
Caveats
  • Supply blocks, unpowered buildings, or Contaminate may cause inaccurate times.
  • Supply counts are checked every 10 seconds.